AoeStats
← Tanay

Fortress

509254987Analyzed
3v3 RM · 7d ago on Sep 26, 2026· 52m 35s· 6 players
Game mode
Random Map
Map size
Large (8 player)
Population
200
Speed
Normal
Resources
Standard
Victory
Conquest
Starting age
Dark Age
Ending age
Imperial Age
RankedLock teamsTeams togetherTeam positionsShared explorationLock speedFull tech treeHidden civsTurbo modeCheats
Victory
Defeat
🇨🇱 Bengalis · Chile
1152
+16
🇨🇳 Persians · China
1140
+17
🇲🇽 Danes · Mexico
1130
+17
🇺🇸 Persians · United States
1358
-24
🇮🇳 Teutons · India
1179
-18
🇺🇸 Inca · United States
941
-26
Ux'RaulitoMD
7:53 Feudal Age
9:47 Double-Bit Axe
10:12 Loom
10:10 Horse Collar
12:40 Castle Age
10:41 Fletching
11:33 Scale Mail Armor
11:44 Forging
13:32 Wheelbarrow
12:42 Town Watch
14:52 Bodkin Arrow
15:44 Chain Mail Armor
23:15 Heavy Plow
27:49 Imperial Age
25:54 Squires
25:39 Arson
25:41 Gambesons
25:17 Man-at-Arms
25:18 Pikeman
26:29 Gold Mining
26:29 Stone Mining
26:13 Long Swordsman
27:23 Hand Cart
29:26 Conscription
30:02 Plate Mail Armor
30:08 Iron Casting
29:34 Bracer
29:34 Padded Archer Armor
29:41 Scale Barding Armor
29:31 Elite Varangian Guard
30:17 Hamask
30:21 Halberdier
30:21 Two-Handed Swordsman
32:43 Bow Saw
33:41 Chemistry
32:37 Murder Holes
32:44 Elite Jomsviking
32:49 Champion
34:23 Gold Shaft Mining
34:24 Stone Shaft Mining
36:24 Hoardings
36:04 Masonry
44:20 Caravan
gon.huck
8:47 Feudal Age
12:53 Castle Age
10:54 Horse Collar
11:01 Double-Bit Axe
12:27 Loom
15:31 Heavy Plow
16:34 Bow Saw
26:32 Imperial Age
24:38 Wheelbarrow
23:49 Town Watch
25:23 Fletching
25:41 Paiks
26:55 Bodkin Arrow
26:54 Elite Elephant Archer
28:09 Conscription
27:58 Bracer
29:05 Ballistics
30:27 Chemistry
29:51 Padded Archer Armor
31:01 Bloodlines
31:00 Husbandry
30:26 Light Cavalry
32:10 Conscription
32:26 Leather Archer Armor
33:15 Scale Barding Armor
33:21 Forging
35:23 Chain Barding Armor
36:27 Two-Man Saw
36:01 Crop Rotation
36:23 Hand Cart
37:42 Ring Archer Armor
39:39 Mahayana
42:26 Town Patrol
44:55 Plate Barding Armor
44:55 Iron Casting
44:42 Elite Battle Elephant
48:23 Blast Furnace
51:49 Caravan
5720638
7:00 Feudal Age
10:35 Castle Age
9:35 Double-Bit Axe
12:10 Bow Saw
15:13 Fervor
16:18 Loom
25:59 Imperial Age
23:16 Town Watch
23:41 Horse Collar
23:53 Gold Mining
24:56 Forging
24:57 Bloodlines
24:49 Husbandry
25:33 Heavy Plow
26:09 Gold Shaft Mining
25:26 Stone Mining
27:19 Chemistry
27:40 Wheelbarrow
26:39 Heavy Camel Rider
28:54 Iron Casting
28:25 Scale Barding Armor
30:12 Gambesons
30:28 Squires
30:13 Arson
29:49 Pikeman
31:31 Conscription
31:41 Hand Cart
30:49 Halberdier
32:22 Scale Mail Armor
33:23 Blast Furnace
32:45 Chain Barding Armor
32:52 Kamandaran
33:46 Citadels
34:44 Chain Mail Armor
36:11 Two-Man Saw
35:42 Crop Rotation
37:31 Plate Barding Armor
37:26 Plate Mail Armor
36:47 Fletching
36:58 Padded Archer Armor
37:21 Herbal Medicine
36:47 Crossbowman
37:33 Thumb Ring
36:49 Elite Skirmisher
38:35 Light Cavalry
38:35 Cavalier
39:53 Ballistics
39:29 Murder Holes
39:45 Masonry
38:56 Elite War Elephant
40:12 Hoardings
39:08 Sappers
40:34 Bodkin Arrow
40:56 Leather Archer Armor
40:34 Savar
40:35 Hussar
43:59 Coinage
43:29 Caravan
43:42 Guilds
43:55 Town Patrol
45:16 Banking
BoomPichak
7:17 Feudal Age
11:34 Castle Age
9:45 Double-Bit Axe
10:02 Horse Collar
15:28 Wheelbarrow
15:16 Heavy Plow
15:23 Loom
15:24 Town Watch
16:16 Loom
19:45 Hand Cart
21:59 Scale Barding Armor
22:04 Forging
22:48 Bloodlines
23:10 Gold Mining
25:19 Chain Barding Armor
27:26 Iron Casting
30:46 Imperial Age
30:10 Devotion
30:16 Stone Mining
30:55 Cavalier
32:12 Plate Barding Armor
32:38 Blast Furnace
31:38 Capped Ram
32:21 Onager
36:58 Caravan
37:11 Fletching
39:06 Hoardings
41:25 Bodkin Arrow
45:24 Paladin
Tanay
9:49 Feudal Age
19:06 Castle Age
21:20 Horse Collar
21:28 Double-Bit Axe
21:34 Gold Mining
22:27 Crossbowman
27:09 Fletching
27:24 Scale Mail Armor
34:24 Imperial Age
33:31 Padded Archer Armor
35:13 Elite Kamayuk
TeKarino
6:41 Feudal Age
10:37 Castle Age
11:50 Double-Bit Axe
11:47 Horse Collar
11:57 Gold Mining
14:02 Bow Saw
18:24 Wheelbarrow
19:19 Loom
22:58 Hand Cart
22:49 Town Watch
23:44 Gold Shaft Mining
23:15 Heavy Plow
27:22 Imperial Age
26:50 Stone Mining
27:11 Fletching
27:27 Scale Barding Armor
27:25 Padded Archer Armor
28:03 Conscription
28:38 Hoardings
28:31 Town Patrol
29:41 Two-Man Saw
29:51 Scale Barding Armor
29:57 Forging
29:21 Elite Skirmisher
30:17 Leather Archer Armor
29:58 Bodkin Arrow
30:35 Thumb Ring
30:55 Parthian Tactics
32:24 Chemistry
32:02 Caravan
32:46 Ballistics
33:25 Ring Archer Armor
33:01 Cavalier
33:42 Husbandry
33:52 Bloodlines
34:03 Chain Barding Armor
34:13 Citadels
35:12 Iron Casting
34:34 Savar
37:37 Plate Barding Armor
38:03 Guilds
38:28 Coinage
41:52 Banking
43:18 Blast Furnace
44:16 Herbal Medicine
Connection lost

Rejoining the realm…

Still unreachable

The connection could not be restored.

Session expired

The server has moved on; the page needs a fresh start.